 Dungeon Crawl Stone Soup version 0.28-a0-410-gbef64dd269 (webtiles) character file.

Game seed: 3973803944760799759

2 heikuro the Skirmisher (level 1, -1/18 HPs)
             Began as a Formicid Abyssal Knight on Sept 7, 2021.
             Was an Initiate of Lugonu.
             Slain by a ball python (3 damage)
             ... on level 1 of the Dungeon.
             The game lasted 00:00:35 (70 turns).

heikuro the Skirmisher (Formicid Abyssal Knight)      Turns: 70, Time: 00:00:35

Health: -1/18      AC:  3    Str: 16    XL:     1   Next: 33%
Magic:  2/2        EV:  8    Int: 11    God:    Lugonu [......]
Gold:   0          SH:  0    Dex: 10    Spells: 0/0 levels left

rFire   . . .      SeeInvis +   a - +1 falchion
rCold   . . .      Faith    .   (no shield)
rNeg    . . .      Spirit   .   b - +0 leather armour
rPois   .          Reflect  .   (helmet unavailable)
rElec   .          Harm     .   (no cloak)
rCorr   .          Rampage  .   (no gloves)
Will    .....                   (no boots)
Stlth   +.........              (no amulet)
HPRegen 0.06/turn               (no ring)
MPRegen 0.08/turn               (no ring)

@: constricted
A: permanent stasis, dig shafts and tunnels, antennae 3, four strong arms
a: Dig, Shaft Self, Renounce Religion


You were on level 1 of the Dungeon.
You worshipped Lugonu.
Lugonu was noncommittal.
You visited 1 branch of the dungeon, and saw 1 of its levels.
You visited the Abyss 1 time.

Inventory:

Hand Weapons
 a - a +1 falchion (weapon)
Armour
 b - a +0 leather armour (worn)
Jewellery
 c - a ring of magical power
Potions
 d - a potion of heal wounds {unknown}


   Skills:
 + Level 3.3 Fighting
 * Level 2.0 Long Blades
 + Level 2.2 Armour
 + Level 0.9 Dodging
 + Level 2.2 Invocations


You couldn't memorise any spells.
You didn't know any spells.
Your spell library was empty.

Dungeon Overview and Level Annotations

Branches:
Dungeon (1/15)

Altars:


Innate Abilities, Weirdness & Mutations

You cannot be hasted, slowed, berserked, paralysed or teleported.
You can dig through walls and to a lower floor.
You have a pair of large antennae on your head. (SInv)
Your four strong arms can wield two-handed weapons with a shield.


Message History

A rat comes into view.
The jackal bites you but does no damage.
You miss the jackal.
The jackal bites you but does no damage.
The jackal misses you.
A jackal comes into view.
You closely miss the jackal. The jackal barely misses you.
The jackal bites you.
You closely miss the jackal.
The jackal barks!
The jackal closely misses you.
You miss the jackal. The jackal bites you.
The jackal bites you but does no damage.
You hit the jackal.
The jackal is heavily wounded.
The jackal bites you but does no damage.
The jackal bites you.
You are too injured to fight recklessly!
You closely miss the jackal.
The jackal is heavily wounded.
The jackal barely misses you.
You hit the jackal.
You kill the jackal!
Lugonu accepts your kill. The ball python barely misses you.
The ball python grabs you. The ball python constricts you.
You closely miss the ball python. The ball python bites you.
The ball python constricts you.
You barely miss the ball python. The ball python barely misses you.
The ball python constricts you. The ball python bites you.
* * * LOW HITPOINT WARNING * * *
The ball python constricts you.
You hit the ball python but do no damage.
The ball python bites you.
* * * LOW HITPOINT WARNING * * *
The ball python constricts you.
* * * LOW HITPOINT WARNING * * *
You hit the ball python but do no damage.
The ball python bites you.
You die...

############.......
##...............r..
#.....§≈≈≈≈.........
#....≈≈§≈≈≈§........
#<...≈§$§§≈≈§.......
#....≈≈§§§§≈........
#.....≈≈≈≈§rh.......
##.......@ShS†......
############.....##
#..#.# .... #..# #.#
... ##


You could see 2 jackals, 2 ball pythons and a rat.

Vanquished Creatures
  A jackal (D:1)
  A frilled lizard (D:1)
2 creatures vanquished.

Notes
Turn   | Place    | Note
-------+----------+-------------------------------------------
     0 | Abyss:1  | heikuro the Formicid Abyssal Knight began the quest for the
                  | Orb.
     0 | Abyss:1  | Reached XP level 1. HP: 18/18 MP: 2/2
    34 | Abyss:1  | Noticed a small abomination
    36 | Abyss:1  | Noticed a large abomination
    38 | D:1      | Escaped the Abyss
    70 | D:1      | Slain by a ball python

Illustrated notes

Levels and vault maps discovered:
D:1:      lemuel_arrival_lava_pool, layout_rooms

Action                   || total
-------------------------++-------
Melee: Falchion          ||    15
Invok: Depart the Abyss  ||     1
Armor: Leather armour    ||     4
Dodge: Dodged            ||     8

Table legend: (Time is in decaauts)
 A = Elapsed time spent in this place.
 B = Non-inter-level travel time spent in this place.
 C = Inter-level travel time spent in this place.
 D = Time resting spent in this place.
 E = Time spent auto-exploring this place.
 F = Levels seen in this place.
 G = Mean time per level.
                   A        B        C        D        E       F      G
               +--------+--------+--------+--------+--------+-----+--------+
         Total |     72 |     72 |      0 |      0 |      0 |   2 |   36.0 |
       Dungeon |     34 |     34 |      0 |      0 |      0 |   1 |   34.0 |
         Abyss |     38 |     38 |      0 |      0 |      0 |   1 |   38.0 |
               +--------+--------+--------+--------+--------+-----+--------+

Top non-repeatable levels by time:
 Abyss:1: 38 daAuts
     D:1: 34 daAuts
